 Dungeon Crawl Stone Soup version 0.28-a0-1234-g826d19b2e0 (webtiles) character file.

Game seed: 10523342300725838062

865 HessuHobo the Skirmisher (level 8, -2/87 HPs)
             Began as an Ogre Cinder Acolyte on Dec 24, 2021.
             Was a High Priest of Ignis.
             Slain by a gnoll (7 damage)
             ... on level 5 of the Dungeon.
             The game lasted 00:13:19 (8016 turns).

HessuHobo the Skirmisher (Ogre Cinder Acolyte)      Turns: 8016, Time: 00:13:20

Health: -2/87      AC:  3    Str: 19    XL:     8   Next: 3%
Magic:  10/21      EV:  9    Int: 17    God:    Ignis [*****.]
Gold:   196        SH:  0    Dex:  4    Spells: 10/12 levels left

rFire   + . .      SeeInvis .   A - +1 flail (pain)
rCold   . . .      Faith    .   (no shield)
rNeg    . . .      Spirit   .   b - +0 robe
rPois   +          Reflect  .   (helmet restricted)
rElec   .          Harm     .   (no cloak)
rCorr   .          Rampage  .   (gloves unavailable)
Will    .....                   (boots unavailable)
Stlth   +.........              (no amulet)
HPRegen 0.24/turn               u - ring of poison resistance
MPRegen 0.17/turn               v - ring of magical power

@: very slightly contaminated
A: large, unfitting armour, tough skin 1
a: Renounce Religion, Fiery Armour, Foxfire Swarm, Rising Flame


You were on level 5 of the Dungeon.
You worshipped Ignis.
Ignis was extremely pleased with you.
You visited 1 branch of the dungeon, and saw 6 of its levels.

You collected 196 gold pieces.

Inventory:

Hand Weapons
 a - a -1 mace of flaming
 t - a +0 dire flail
 A - a +1 flail of pain (weapon)
Missiles
 h - 82 stones (quivered)
Armour
 b - a +0 robe (worn)
Jewellery
 g - a ring of protection from cold
 r - a +4 ring of evasion
 u - a ring of poison resistance (left hand)
 v - a ring of magical power (right hand)
 y - a ring of flight
Wands
 w - a wand of flame (23)
Scrolls
 d - a scroll of noise {unknown}
 f - a scroll of magic mapping {unknown}
 k - a scroll of torment {unknown}
 l - 2 scrolls of teleportation
 m - a scroll of fog {unknown}
 n - a scroll of enchant armour {unknown}
 q - 2 scrolls of amnesia {unknown}
 z - a scroll of summoning {unknown}
 B - a scroll of blinking {unknown}
Potions
 c - 3 potions of degeneration
 e - a potion of berserk rage {unknown}
 i - a potion of haste {unknown}
 j - a potion of heal wounds {unknown}
 o - a potion of lignification {unknown}
 p - a potion of brilliance {unknown}
 s - a potion of attraction {unknown}
 x - a potion of invisibility {unknown}


   Skills:
 + Level 7.6 Fighting
 + Level 5.1 Maces & Flails
 - Level 2.0 Stealth
 + Level 2.9 Spellcasting
 + Level 2.2 Conjurations
 + Level 3.5 Fire Magic


You had 10 spell levels left.
You knew the following spells:

 Your Spells              Type           Power      Damage    Failure   Level
a - Scorch                Fire           28%        2d6       6%          2

Your spell library contained the following spells:

 Spells                   Type           Power      Damage    Failure   Level
 Foxfire                  Conj/Fire      48%        2x1d6     5%          1
 Magic Dart               Conj           40%        1d5       7%          1
 Searing Ray              Conj           20%        2d5       11%         2
 Conjure Flame            Conj/Fire      12%        6-21      16%         3
 Ensorcelled Hibernation  Hex/Ice        4%         N/A       26%         2
 Inner Flame              Hex/Fire       8%         N/A       26%         3
 Gell's Gravitas          Tloc           2%         N/A       47%         3
 Lesser Beckoning         Tloc           2%         N/A       47%         3
 Teleport Other           Tloc           2%         N/A       47%         3
 Tukima's Dance           Hex            2%         N/A       47%         3
 Flame Wave               Conj/Fire      12%        2d5       47%         4
 Fulminant Prism          Conj/Hex       3%         3d6       73%         4
 Cause Fear               Hex            1%         N/A       87%         4
 Dragon Form              Tmut           1%         N/A       100%        7
 Dragon's Call            Summ           1%         N/A       100%        9


Dungeon Overview and Level Annotations

Branches:
Dungeon (6/15)
 Temple: D:4-7

Altars:
Makhleb

Annotations:
D:4 Menkaure


Innate Abilities, Weirdness & Mutations

You are too large for most types of armour.
You have tough skin. (AC +1)


Message History

The gnoll shaman barely misses you.
Casting: Scorch (safe; 6% risk of failure)
Confirm with . or Enter, or press ? or * to list all spells.
Flames lash the gnoll shaman.
The gnoll shaman is moderately wounded.
The gnoll shaman's fire resistance burns away.
The gnoll barely misses you. The gnoll hits you with a +0 whip!
The gnoll shaman hits you with a +0 whip.
Casting: Scorch (safe; 6% risk of failure)
Confirm with . or Enter, or press ? or * to list all spells.
Flames lash the gnoll shaman.
The gnoll shaman is burned terribly!
The gnoll shaman is moderately wounded.
The gnoll hits you with a +0 whip. x2
The gnoll shaman hits you with a +0 whip.
Casting: Scorch (safe; 6% risk of failure)
Confirm with . or Enter, or press ? or * to list all spells.
You miscast Scorch.
You are very lightly contaminated with residual magic.
Nothing appears to happen.
The gnoll barely misses you. The gnoll hits you with a +0 whip.
* * * LOW HITPOINT WARNING * * *
The gnoll shaman hits you with a +0 whip!
* * * LOW HITPOINT WARNING * * *
Casting: Scorch (safe; 6% risk of failure)
Confirm with . or Enter, or press ? or * to list all spells.
Flames lash the gnoll.
The gnoll is moderately wounded.
The gnoll's fire resistance burns away.
The gnoll is no longer more vulnerable to fire.
The gnoll hits you with a +0 whip.
* * * LOW HITPOINT WARNING * * *
The gnoll closely misses you.
The gnoll shaman hits you with a +0 whip.
* * * LOW HITPOINT WARNING * * *
Casting: Scorch (safe; 6% risk of failure)
Confirm with . or Enter, or press ? or * to list all spells.
You miscast Scorch.
Nothing appears to happen.
The gnoll shaman is no longer more vulnerable to fire.
The gnoll hits you with a +0 whip!
You die...

.............................#
#.
.....................###.....#
#.
#####.........##.............#
#. #...#######.......###.####
#. ###...### #.#...#.###.# #.
#......<### #.#......##.# #.
#.#.......# #.#...#..##.# ##
#.#...#.#.# #g###.#..##.#
#.##....#.###g@g........#######
#.###.#......#######...........
##.[..........### ############
##.............#.##
......>#........#.##
##..#............#.#
....#.)#.#.#.##...##
###.#..#.#.#.##..##
......)..........#


You could see a gnoll shaman and 2 gnolls.

Vanquished Creatures
  An ice beast (D:6)
  A sky beast (D:6)
  Blork the orc (D:4)
  A bullfrog (D:5)
  A water moccasin zombie (D:5)
  A howler monkey (D:6)
  2 hounds (D:4)
  2 orc priests
  A bullfrog skeleton (D:6)
  An iguana (D:5)
  3 orc wizards (D:6)
  A scorpion zombie (D:5)
  2 hound skeletons
  A gnoll (D:6)
  4 adders
  A white imp (D:6)
  2 worms (D:2)
  11 orcs
  4 endoplasms
  6 giant cockroaches
  7 goblins
  8 hobgoblins
  2 jackals (D:2)
  8 kobolds
  5 quokkas
  7 ball pythons
  4 bats
  A frilled lizard (D:3)
  8 rats
  A bush (D:3)
98 creatures vanquished.

Notes
Turn   | Place    | Note
-------+----------+-------------------------------------------
     0 | D:1      | HessuHobo the Ogre Cinder Acolyte began the quest for the
                  | Orb.
     0 | D:1      | Reached XP level 1. HP: 24/24 MP: 2/2
    91 | D:1      | Found a faded altar of an unknown god.
   279 | D:1      | Reached XP level 2. HP: 27/32 MP: 3/3
   681 | D:1      | Reached skill level 1 in Stealth
   742 | D:1      | Reached XP level 3. HP: 24/40 MP: 4/4
   878 | D:1      | Learned a level 2 spell: Scorch
  2360 | D:2      | Reached XP level 4. HP: 49/49 MP: 2/5
  3103 | D:3      | Reached skill level 5 in Fighting
  3720 | D:3      | Found a burning altar of Makhleb.
  4632 | D:4      | Reached XP level 5. HP: 46/57 MP: 1/6
  5076 | D:4      | Noticed Menkaure
  5104 | D:4      | Noticed Blork the orc
  5120 | D:4      | Killed Blork the orc
  5121 | D:4      | Reached skill level 6 in Fighting
  5121 | D:4      | Reached XP level 6. HP: 45/68 MP: 0/7
  6094 | D:5      | Entered Level 5 of the Dungeon
  7127 | D:6      | Noticed an ice beast
  7136 | D:6      | Killed an ice beast
  7137 | D:6      | Reached skill level 7 in Fighting
  7137 | D:6      | Reached skill level 1 in Conjurations
  7137 | D:6      | Reached XP level 7. HP: 78/78 MP: 7/10
  7432 | D:6      | Reached skill level 5 in Maces & Flails
  7693 | D:5      | Reached XP level 8. HP: 11/87 MP: 10/12
  8016 | D:5      | Slain by a gnoll

Illustrated notes

Levels and vault maps discovered:
D:1:      amcnicky_arrival_abandoned_market, layout_basic,
          ebering_ecumenical_altar_sacrificial
D:2:      layout_loops_ring
D:3:      layout_basic, lemuel_doored_altar, serial_forest,
          infiniplex_forest_lined_1, infiniplex_forest_straight_2,
          infiniplex_forest_end_2, infiniplex_forest_end_2,
          infiniplex_forest_zigzag_2, infiniplex_forest_straight_2,
          infiniplex_forest_corner_2, infiniplex_forest_lined_3,
          infiniplex_forest_clump_large
D:4:      layout_layer_cave, skrybe_limestone_x, minmay_large_rounded_square,
          uniq_menkaure, uniq_blork_the_orc
D:5:      layout_loops_cross
D:6:      layout_gridville, nicolae_overflows_in_rows

Skill      XL: |  1  2  3  4  5  6  7 |
---------------+----------------------+-----
Maces & Flails | 3 4 5 |  5.1
Stealth        | 1 2 |  2.0
Fighting       | 5 6 7 |  7.6
Spellcasting   | 2 |  2.9
Conjurations   | 1 2 |  2.2
Fire Magic     | 3 |  3.5

Action                   |  1- 3 |  4- 6 |  7- 9 || total
-------------------------+-------+-------+-------++-------
Melee: Mace              |   147 |   103 |       ||   250
       Dire flail        |       |    31 |       ||    31
       Flail             |       |       |     8 ||     8
Throw: Stone             |       |    10 |     1 ||    11
 Cast: Scorch            |     8 |    55 |    33 ||    96
  Use: Scroll            |       |     2 |       ||     2
Armor: Robe              |    67 |    21 |     9 ||    97
Dodge: Dodged            |    89 |    55 |    18 ||   162

Table legend: (Time is in decaauts)
 A = Elapsed time spent in this place.
 B = Non-inter-level travel time spent in this place.
 C = Inter-level travel time spent in this place.
 D = Time resting spent in this place.
 E = Time spent auto-exploring this place.
 F = Levels seen in this place.
 G = Mean time per level.
                   A        B        C        D        E       F      G
               +--------+--------+--------+--------+--------+-----+--------+
         Total |   8077 |   7933 |    144 |   3018 |   3891 |   6 | 1346.2 |
       Dungeon |   8077 |   7933 |    144 |   3018 |   3891 |   6 | 1346.2 |
               +--------+--------+--------+--------+--------+-----+--------+

Top non-repeatable levels by time:
     D:3: 1680 daAuts
     D:1: 1637 daAuts
     D:4: 1566 daAuts
     D:2: 1355 daAuts
     D:5: 1216 daAuts
     D:6: 620 daAuts
